Map: Efflorescence LE

Players

RoyDuck

  • Race: Zerg Zerg
  • League: Gold
  • Spawn Location: 12:00

TAZ

  • Race: Zerg Zerg
  • Spawn Location: 3:00

Nyck - Winner!

  • Race: Terran Terran
  • Spawn Location: 9:00

Ekelpack - Winner!

  • Race: Zerg Zerg
  • Spawn Location: 6:00

VOD

Have the link to the VOD?

Description

Time

  • Played on: Sept. 27, 2020, 3:25 p.m.
  • Length: 14:55
Show
View Real Time Build Order
Export as new Build Order

RoyDuck Zerg 

Build Orders: Pool First 

Get SALT Encoding   

  12  0:01  Drone  
  13  0:13  Overlord  
  13  0:18  Drone  
  14  0:31  Drone x2  
  16  0:47  Spawning Pool  
  16  0:48  Drone  
  16  0:51  Drone  
  17  1:16  Hatchery  
  16  1:27  Extractor  
  16  1:31  Drone  
  16  1:34  Queen  
  18  1:41  Drone x2  
  18  1:43  Drone  
  21  1:57  Zergling x2  
  22  2:08  Overlord  
  22  2:26  Zergling x2  
  22  2:27  Zergling x2  
  24  2:33  Zergling x2  
  25  2:42  Drone  
  26  2:44  Queen  
  28  2:55  Zergling x8  
  32  3:07  Overlord x2, Baneling Nest  
  31  3:20  Zergling x10  
  31  3:23  Overlord x2  
  36  3:27  Metabolic Boost  
  36  3:33  Evolution Chamber  
  35  3:44  Drone  
  35  3:46  Drone  
  35  3:47  Drone x2  
  39  4:03  Extractor  
  39  4:04  Zerg Ground Armor Level 1  
  39  4:06  Zergling x2  
  39  4:07  Zergling x4  
  41  4:10  Zergling x2  
  35  4:37  Drone x3  
  38  4:43  Drone x4  
  42  4:53  Baneling  
  42  4:56  Baneling  
  42  4:58  Baneling  
  43  5:07  Drone x2  
  43  5:12  Drone  
  45  5:15  Drone x3, Extractor  
  45  5:16  Drone x3  
  45  5:20  Baneling x4  
  50  5:26  Roach Warren  
  44  5:38  Zergling x4  
  44  5:39  Zergling x4  
  44  5:47  Hatchery  
  44  5:49  Spore Crawler  
  42  5:51  Queen  
  42  5:53  Spore Crawler  
  43  6:01  Spore Crawler  
  43  6:03  Spore Crawler  
  41  6:04  Spore Crawler  
  41  6:06  Spore Crawler  
  41  6:08  Overlord  
  39  6:12  Overlord x2  
  39  6:13  Overlord  
  39  6:21  Spore Crawler  
  39  6:23  Spore Crawler  
  37  6:40  Zergling x6  
  37  6:41  Zergling x6  
  43  6:48  Drone x4  
  43  6:52  Drone x2  
  49  7:16  Roach  
  49  7:17  Roach x5  
  60  7:48  Spore Crawler  
  60  7:51  Spore Crawler  
  58  7:56  Lair  
  58  7:58  Drone  
  58  8:01  Overlord x3  
  59  8:21  Overlord x2  
  59  8:36  Spore Crawler  
  59  8:37  Extractor  
  59  8:38  Drone x4  
  59  8:39  Drone x2  
  61  9:25  Zergling x12  
  61  9:26  Zergling x14  
  61  9:27  Zergling x2  
  54  9:54  Zerg Ground Armor Level 2  
  54  9:55  Glial Reconstitution  
  52  10:31  Hatchery  
  51  10:35  Hydralisk Den  
  45  10:51  Queen  
  47  11:14  Overlord x3  
  39  11:31  Hydralisk x6  
  39  11:32  Hydralisk x7  
  53  11:33  Hydralisk x3  
  67  11:55  Hydralisk x2  
  67  11:56  Grooved Spines, Hydralisk x4  
  79  12:13  Zerg Missile Weapons Level 1  
  79  12:14  Hydralisk x5  
  89  12:20  Hydralisk  
  89  12:21  Hydralisk x2  
  95  12:34  Hydralisk  
  95  12:35  Hydralisk x2  
  101  12:38  Drone  
  101  12:42  Drone  
  103  12:59  Zergling x6  
  100  13:19  Zergling x12  
  104  13:42  Overlord x3  
  103  13:56  Baneling x3  
  103  13:57  Baneling x6  
  103  13:58  Baneling x3  
Show
View Real Time Build Order
Export as new Build Order

TAZ Zerg 

Build Orders: Pool First 

Get SALT Encoding   

  12  0:08  Overlord  
  12  0:22  Drone x2  
  12  0:28  Drone  
  15  0:36  Drone  
  16  0:50  Spawning Pool, Drone  
  16  0:55  Extractor  
  15  0:57  Drone  
  16  1:06  Drone  
  17  1:19  Drone  
  18  1:28  Drone  
  19  1:42  Drone  
  19  1:46  Queen  
  22  1:52  Overlord  
  22  2:06  Extractor  
  21  2:19  Roach Warren  
  21  2:20  Spore Crawler  
  21  2:22  Drone x2, Queen  
  23  2:23  Drone  
  23  2:43  Hatchery  
  22  2:48  Drone  
  23  3:08  Drone x2  
  25  3:16  Roach  
  27  3:35  Lair  
  27  3:38  Roach  
  27  3:39  Overlord x2  
  29  3:47  Drone  
  30  3:57  Drone  
  30  4:00  Overlord  
  30  4:01  Drone  
  30  4:02  Drone x2  
  34  4:07  Drone  
  35  4:39  Roach  
  35  4:44  Spire  
  36  4:51  Drone x4  
  40  4:53  Drone x3  
  40  4:58  Queen, Extractor  
  44  5:03  Extractor  
  44  5:04  Drone  
  44  5:05  Drone x2  
  44  5:06  Drone  
  47  5:22  Drone x3  
  47  5:23  Overlord  
  47  5:26  Drone x2  
  52  5:34  Roach  
  54  5:56  Mutalisk x3  
  54  5:57  Mutalisk x2  
  56  5:59  Zerg Flyer Weapons Level 1  
  64  6:08  Overseer  
  64  6:11  Mutalisk  
  64  6:15  Mutalisk  
  68  6:19  Overlord x4  
  68  6:45  Mutalisk x3  
  72  6:59  Mutalisk  
  72  7:00  Mutalisk x2  
  78  7:08  Mutalisk  
  78  7:09  Mutalisk x2  
  84  7:19  Mutalisk  
  84  7:22  Overlord  
  86  7:41  Mutalisk x2  
  86  7:43  Hatchery  
  85  8:01  Mutalisk x2  
  85  8:05  Mutalisk  
  91  8:28  Mutalisk x2  
  91  9:44  Mutalisk x2  
  91  9:45  Mutalisk x5  
  97  9:46  Mutalisk x2  
  97  9:47  Overlord x2  
  97  9:48  Overlord  
  97  9:49  Drone  
  97  9:50  Drone x2  
  97  9:51  Queen  
  112  9:58  Mutalisk  
  114  10:02  Overlord x2  
  114  10:03  Overlord x2  
  114  10:11  Zerg Flyer Weapons Level 2  
  110  10:26  Queen  
  112  10:28  Extractor  
  112  10:30  Drone  
  112  10:31  Drone x2  
  114  10:37  Extractor  
  113  11:00  Mutalisk x2  
  113  11:01  Mutalisk x2  
  121  11:05  Drone x3  
  121  11:07  Drone x2  
  121  11:08  Drone x2  
  128  11:18  Mutalisk  
  130  11:27  Extractor  
  105  11:49  Mutalisk x3  
  105  11:50  Mutalisk  
  61  12:10  Mutalisk x2  
  65  12:26  Mutalisk x2  
  69  12:33  Mutalisk  
  70  12:52  Hatchery  
  68  13:19  Mutalisk x4  
  60  13:20  Mutalisk  
  66  13:35  Mutalisk x2  
  70  13:51  Mutalisk  
  72  14:17  Mutalisk x2  
Show
View Real Time Build Order
Export as new Build Order

Nyck Terran - Winner!

Build Orders: 2 Factory, Mech 

Get SALT Encoding   

  12  0:00  SCV  
  13  0:12  SCV  
  14  0:20  Supply Depot  
  14  0:24  SCV  
  15  0:42  Barracks  
  15  0:45  Refinery  
  15  0:46  SCV  
  16  0:58  SCV  
  17  1:10  SCV  
  18  1:25  SCV  
  19  1:31  Supply Depot  
  19  1:33  Marine  
  19  1:38  Orbital Command  
  20  1:49  Factory  
  20  1:55  Marine  
  21  2:03  Refinery  
  21  2:07  SCV  
  22  2:13  Marine  
  23  2:23  Supply Depot  
  23  2:28  SCV  
  24  2:36  Hellion  
  26  2:37  Factory  
  26  2:39  Marine  
  26  2:41  SCV  
  28  2:54  SCV  
  28  2:57  Factory Reactor  
  29  3:02  Barracks Tech Lab  
  29  3:19  Supply Depot  
  29  3:32  Hellion, Command Center  
  29  3:33  Hellion  
  35  3:34  Hellion  
  35  3:41  Supply Depot  
  35  3:45  Supply Depot  
  35  3:48  SCV  
  36  4:00  SCV  
  37  4:11  Factory Tech Lab  
  37  4:24  SCV, Factory Tech Lab  
  38  4:36  SCV  
  39  4:41  Factory  
  39  4:45  Siege Tank  
  42  4:46  Siege Tank  
  45  5:10  SCV  
  46  5:17  Siege Tank  
  46  5:18  Siege Tank  
  52  5:22  SCV  
  45  5:44  SCV  
  45  5:46  Siege Tank  
  45  5:49  Siege Tank  
  52  5:50  Marine  
  52  5:54  Siege Tank  
  52  5:57  SCV  
  57  5:58  Orbital Command  
  57  6:13  Command Center  
  57  6:33  Siege Tank  
  57  6:37  SCV  
  61  6:45  Armory  
  61  6:49  SCV  
  62  6:58  Engineering Bay  
  62  7:01  SCV  
  63  7:13  SCV  
  64  7:26  SCV  
  64  7:28  Refinery  
  65  7:30  Refinery  
  65  7:36  Thor  
  71  7:38  SCV  
  72  7:47  Terran Vehicle And Ship Armor Level 1  
  72  7:50  SCV  
  73  8:02  SCV  
  73  8:14  SCV  
  73  8:18  Thor  
  80  8:26  SCV  
  81  8:36  Thor  
  81  8:38  SCV  
  88  8:50  SCV  
  89  9:06  Command Center  
  89  9:09  Supply Depot  
  83  9:30  Thor  
  83  9:31  SCV  
  86  9:32  Supply Depot  
  70  9:43  SCV  
  68  9:46  Thor x2  
  68  9:48  SCV  
  81  9:55  Supply Depot, SCV  
  82  10:00  SCV  
  83  10:13  Thor  
  87  10:18  Supply Depot  
  69  10:22  Refinery  
  69  10:28  Thor  
  69  10:30  Hellion  
  69  10:31  Orbital Command  
  69  10:32  Infernal Pre-Igniter  
  77  10:38  Planetary Fortress  
  77  10:40  Supply Depot  
  77  10:49  Refinery  
  77  10:51  Hellion  
  77  10:52  SCV  
  77  10:56  SCV, Hellion  
  83  11:02  Supply Depot  
  83  11:04  SCV  
  83  11:09  SCV  
  85  11:12  Hellion  
  85  11:16  SCV  
  88  11:21  SCV  
  88  11:25  Supply Depot  
  89  11:27  SCV  
  89  11:29  SCV  
  91  11:33  SCV  
  91  11:39  SCV, Missile Turret  
  93  11:41  SCV  
  93  11:45  SCV  
  95  11:51  Thor  
  95  11:52  SCV  
  102  11:58  Missile Turret  
  102  12:04  SCV  
  103  12:10  SCV x2  
  105  12:16  SCV  
  105  12:17  Missile Turret  
  105  12:22  Refinery  
  106  12:23  SCV  
  106  12:24  Refinery  
  106  12:28  SCV  
  108  12:35  SCV  
  108  12:36  Missile Turret  
  109  12:47  SCV  
  110  12:56  Missile Turret  
  110  12:59  SCV  
  111  13:11  SCV  
  111  13:31  Thor x2  
  111  13:32  Thor  
  129  13:37  SCV  
  130  13:49  SCV  
  131  14:01  SCV, Command Center  
  132  14:04  Command Center  
  132  14:13  SCV  
  133  14:25  SCV  
Show
View Real Time Build Order
Export as new Build Order

Ekelpack Zerg - Winner!

Build Orders: Pool First 

Get SALT Encoding   

  12  0:00  Drone  
  13  0:09  Drone  
  14  0:19  Overlord  
  14  0:26  Extractor  
  14  0:27  Drone  
  14  0:39  Drone x2  
  16  0:44  Drone  
  17  0:55  Drone  
  18  1:03  Spawning Pool  
  17  1:07  Drone  
  18  1:17  Drone  
  19  1:38  Hatchery  
  18  1:40  Overlord  
  18  1:49  Metabolic Boost  
  18  1:58  Queen  
  20  2:02  Drone  
  20  2:07  Zergling x2  
  22  2:14  Extractor  
  21  2:20  Drone x2  
  23  2:34  Drone  
  24  2:38  Drone  
  24  2:40  Lair  
  25  2:50  Overlord  
  25  2:51  Overlord  
  25  3:03  Drone  
  26  3:11  Drone x2  
  26  3:12  Drone  
  29  3:19  Drone  
  31  3:20  Drone  
  31  3:41  Drone x3, Spire  
  32  3:43  Extractor  
  32  3:44  Extractor  
  31  3:54  Queen  
  33  4:01  Drone  
  34  4:11  Drone  
  34  4:38  Drone x2  
  34  4:39  Drone  
  34  4:45  Overlord x2  
  37  4:49  Hatchery  
  37  4:52  Mutalisk x3  
  43  5:03  Mutalisk x2  
  43  5:04  Mutalisk x2  
  51  5:08  Zerg Flyer Weapons Level 1  
  51  5:10  Drone  
  51  5:11  Drone  
  53  5:22  Mutalisk x2  
  57  5:37  Drone x2  
  57  5:39  Overlord x2  
  59  6:00  Mutalisk x2  
  59  6:01  Mutalisk x2  
  59  6:02  Drone x2  
  69  6:16  Hatchery  
  64  6:39  Mutalisk x3  
  64  6:40  Mutalisk x2  
  64  6:41  Extractor  
  73  6:52  Mutalisk  
  75  6:54  Drone, Overlord x2  
  75  6:55  Overlord  
  76  7:08  Zerg Flyer Weapons Level 2  
  76  7:12  Overlord  
  76  7:32  Queen, Extractor  
  75  7:58  Mutalisk x7  
  89  8:08  Queen  
  89  8:09  Drone x3  
  94  8:21  Mutalisk x2  
  94  8:22  Overlord  
  98  8:31  Drone x2  
  98  8:32  Drone  
  101  8:34  Drone x2  
  103  9:02  Mutalisk x2  
  105  9:03  Overlord x3  
  105  9:44  Zergling x2, Mutalisk x6  
  105  9:45  Mutalisk  
  120  9:58  Zerg Flyer Armor Level 1  
  118  10:27  Mutalisk x6  
  118  10:49  Mutalisk x3  
  118  11:15  Zergling x10  
  123  11:42  Overlord x2  
  111  11:54  Mutalisk x6  
  89  11:55  Mutalisk x8  
  89  11:56  Mutalisk  
  89  11:57  Zergling x8  
  89  11:58  Zergling x10  
  120  12:08  Mutalisk x2  
  118  12:10  Zergling x2  
  118  12:14  Evolution Chamber  
  120  12:19  Zergling x4  
  120  12:20  Zergling x6  
  125  12:32  Zergling x6  
  128  12:40  Zerg Melee Weapons Level 1  
  128  12:48  Mutalisk x5  
  138  12:51  Zergling x2  
  138  12:52  Zergling x10  
  144  13:23  Mutalisk x6  
  144  13:24  Zergling x4  
  144  13:25  Zergling x8  
  144  13:26  Overlord x3  
  162  13:48  Overseer  
  162  14:01  Hatchery  
  161  14:15  Infestation Pit  
Tags
 
Add a new tag
Caveats
  • Supply blocks, unpowered buildings, or Contaminate may cause inaccurate times.
  • Supply counts are checked every 10 seconds.